 Dungeon Crawl Stone Soup version 0.23.1 (webtiles) character file.

Game seed: 1100972215928458766

829 Delanovic the Sneak (level 7, -9/46 HPs)
             Began as an Octopode Wanderer on Mar 2, 2019.
             Mangled by Blork the orc
             ... wielding a +1 glaive of flaming
              (18 damage)
             ... on level 5 of the Dungeon.
             The game lasted 00:10:25 (5581 turns).

Delanovic the Sneak (Octopode Wanderer)             Turns: 5581, Time: 00:10:26

Health: -9/46      AC:  1    Str: 13      XL:     7   Next: 97%
Magic:  4/11       EV: 13    Int: 17      God:
Gold:   228        SH:  0    Dex:  9 (12) Spells: 1/12 levels left

rFire    . . .     SeeInvis .   c - +0 spear
rCold    . . .     Gourm    .   (no shield)
rNeg     . . .     Faith    .   (helmet restricted)
rPois    +         Spirit   .   (no amulet)
rElec    .         Reflect  .   i - ring of resist corrosion
rCorr    +         Harm     .   m - +3 ring of dexterity
MR       .....                  q - ring of poison resistance
Stlth    ++++......             (no ring)
HPRegen  0.15/turn              (no ring)
MPRegen  0.12/turn              (no ring)
                                (no ring)
                                (no ring)

@: no status effects
A: almost no armour, stealthy swim, amphibious, 8 rings, constrict 8, camouflage
1, gelatinous body 1
a: no special abilities


You were on level 5 of the Dungeon.
You were near starving.

You visited 1 branch of the dungeon, and saw 5 of its levels.

You collected 228 gold pieces.

Inventory:

Hand Weapons
 c - a +0 spear (weapon)
Armour
 e - a +0 large shield
Jewellery
 i - a ring of resist corrosion (left tentacle)
 m - a +3 ring of dexterity (right tentacle)
 q - a ring of poison resistance (on tentacle)
Wands
 v - a wand of enslavement (10)
Scrolls
 a - 3 scrolls of teleportation {unknown}
 j - a scroll of noise {unknown}
 l - a scroll of immolation {unknown}
 r - a scroll of enchant armour {unknown}
 s - a scroll of magic mapping {unknown}
 t - a scroll of fog {unknown}
 u - a scroll of remove curse {unknown}
Potions
 b - 4 potions of curing
 f - 2 potions of lignification
 g - 3 potions of heal wounds
 h - a potion of berserk rage
 k - 2 potions of brilliance
 o - a potion of magic
 p - 5 potions of agility
Comestibles
 d - 8 rations


   Skills:
 + Level 3.2 Fighting
 + Level 2.3 Dodging
 - Level 6.2 Stealth
 - Level 3.2 Spellcasting
 + Level 3.8 Conjurations
 - Level 2.0 Air Magic
 + Level 5.5 Poison Magic
 - Level 1.1 Evocations


You had one spell level left.
You knew the following spells:

 Your Spells              Type           Power        Failure   Level  Hunger
a - Sting                 Conj/Pois      ###.         2%          1    None
b - Poisonous Vapours     Pois/Air       ###...       5%          2    ##.....
c - Mephitic Cloud        Conj/Pois/Air  ###.....     11%         3    ###....
d - Venom Bolt            Conj/Pois      ###.......   56%         5    ######.

Your spell library contained the following spells:

 Spells                   Type           Power        Failure   Level  Hunger
 Olgreb's Toxic Radiance  Pois           ###.....     17%         4    ####...


Dungeon Overview and Level Annotations

Branches:
Dungeon (5/15)
 Temple: D:4-7

Altars:
Hepliaklqana
Makhleb
Nemelex Xobeh
Yredelemnul
The Shining One

Shops:
D:4 [

Annotations:
D:5 Blork the orc


Innate Abilities, Weirdness & Mutations

You cannot wear most types of armour.
You are very stealthy in the water. (Stealth+)
You are amphibious.
You can wear up to eight rings at the same time.
You can use your tentacles to constrict eight enemies at once.
Your skin changes colour to match your surroundings (Stealth+).
Your rubbery body absorbs attacks. (AC +1, EV +1)


Message History

Aiming: Poisonous Vapours (safe; 5% risk of failure)
Press: ? - help, Dir - move target cursor, f/p - Blork the orc
Aim: Blork the orc, wielding a +1 glaive of flaming, wearing a +0 robe and carrying a wand of polymorph (9) (heavily wounded, poisoned) Poisonous vapours surround Blork the orc!
Blork the orc is engulfed in poison gas.
Blork the orc looks as sick as possible!
Blork the orc casts a spell.
Blork the orc flickers and vanishes!
Deactivating autopickup; reactivate with Ctrl-A.
A magic dart appears from out of thin air!
The magic dart hits you. Something hits you!
* * * LOW HITPOINT WARNING * * *
Something burns you.
* * * LOW HITPOINT WARNING * * *
Attack whom?
Press: ? - help, Dir - move target cursor You reach to attack!
You attack empty space.
You barely miss something. Something hits you!!
You die...

#.###########.##
#### #.# #.# #.
#.### #.# #.
#...# #+# #.
###.# ... #.
#####.# ...( #.
#...#.## ..... #.
#.#....####......
#.
#......@..'......
...
##.#...####......
##. #.##.## .....
## # ### .... #
... # +# #


There were no monsters in sight!

Vanquished Creatures
  Eustachio (D:4)
  Menkaure (D:4)
  A water moccasin (D:3)
  A scorpion (D:4)
  A quasit (D:5)
  3 orc wizards
  Natasha (thrice) (D:4)
  A worker ant (D:5)
  A hound skeleton (D:4)
  4 gnolls
  6 adders
  2 worms
  2 dart slugs
  3 leopard geckos (D:1)
  17 orcs
  2 ball pythons
  10 bats
  3 giant cockroaches (D:3)
  6 goblins
  8 hobgoblins
  2 jackals (D:3)
  3 quokkas
  5 frilled lizards
  A jackal skeleton (D:4)
  2 kobolds
  6 rats
95 creatures vanquished.

Notes
Turn   | Place    | Note
-------+----------+-------------------------------------------
     0 | D:1      | Delanovic the Octopode Wanderer began the quest for the
                  | Orb.
     0 | D:1      | Delanovic set off with the following items: a potion of
                  | curing, a +0 spear, a ration; and the following spell
                  | memorised: Sting; and the following spells available to
                  | memorise: Poisonous Vapours, Mephitic Cloud, Olgreb's Toxic
                  | Radiance, Venom Bolt
     0 | D:1      | Reached XP level 1. HP: 16/16 MP: 1/1
   104 | D:1      | Reached skill level 2 in Stealth
   249 | D:1      | Reached XP level 2. HP: 19/21 MP: 2/2
   626 | D:1      | Reached skill level 3 in Stealth
   626 | D:1      | Reached XP level 3. HP: 26/26 MP: 3/3
  1420 | D:2      | Reached skill level 1 in Conjurations
  1420 | D:2      | Reached XP level 4. HP: 25/31 MP: 1/4
  1474 | D:2      | Found a hazy altar of Hepliaklqana.
  1583 | D:2      | Found a glowing golden altar of the Shining One.
  1587 | D:2      | Found a basalt altar of Yredelemnul.
  1598 | D:2      | Found a sparkling altar of Nemelex Xobeh.
  1944 | D:1      | Reached skill level 1 in Spellcasting
  2196 | D:1      | Learned a level 2 spell: Poisonous Vapours
  2228 | D:2      | Reached XP level 5. HP: 28/36 MP: 1/6
  2560 | D:3      | Reached skill level 4 in Stealth
  2716 | D:3      | Noticed a water moccasin
  2725 | D:3      | Killed a water moccasin
  2725 | D:3      | Reached XP level 6. HP: 33/42 MP: 4/8
  3016 | D:3      | Learned a level 3 spell: Mephitic Cloud
  3851 | D:4      | Reached skill level 5 in Stealth
  4120 | D:4      | Noticed Menkaure
  4209 | D:4      | Killed Menkaure
  4209 | D:4      | Reached XP level 7. HP: 38/46 MP: 5/11
  4488 | D:4      | Found a burning altar of Makhleb.
  4510 | D:4      | Noticed Natasha
  4517 | D:4      | Killed Natasha
  4578 | D:4      | Noticed Natasha
  4583 | D:4      | Killed Natasha
  4710 | D:4      | Noticed Natasha
  4714 | D:4      | Killed Natasha
  4714 | D:4      | Reached skill level 5 in Poison Magic
  4719 | D:4      | Noticed Eustachio
  4730 | D:4      | Killed Eustachio
  4730 | D:4      | Reached skill level 6 in Stealth
  4799 | D:4      | Learned a level 5 spell: Venom Bolt
  4819 | D:4      | Found Viabburo's Armour Emporium.
  5026 | D:5      | Entered Level 5 of the Dungeon
  5569 | D:5      | Noticed Blork the orc
  5581 | D:5      | Mangled by Blork the orc

Skill      XL: |  1  2  3  4  5  6  7 |
---------------+----------------------+-----
Stealth        | 2 3 4 5 6 |  6.2
Poison Magic   | 2 3 4 5 |  5.5
Conjurations   | 1 2 3 |  3.8
Spellcasting   | 1 2 3 |  3.2
Fighting       | |  3.2
Dodging        | |  2.3
Air Magic      | |  2.0
Evocations     | |  1.1

Action                   |  1- 3 |  4- 6 |  7- 9 || total
-------------------------+-------+-------+-------++-------
Melee: Spear             |    76 |    80 |    52 ||   208
       Constrict         |    12 |    15 |    12 ||    39
       Tentacles         |    10 |    11 |     7 ||    28
 Cast: Sting             |    13 |    12 |     1 ||    26
       Poisonous Vapours |       |    31 |    25 ||    56
  Use: Scroll            |       |     7 |       ||     7
 Stab: Sleeping          |     7 |     4 |     2 ||    13
       Distracted        |       |     1 |       ||     1
  Eat: Chunk             |     1 |     8 |     5 ||    14
       Ration            |       |     1 |       ||     1
Armor: Skin              |     8 |     6 |     6 ||    20
Dodge: Dodged            |    34 |    43 |    37 ||   114
